 Dungeon Crawl Stone Soup version 0.25-a0-458-g6fc7858b95 (webtiles) character file.

Game seed: 13172976221899239772, levelgen mode: deterministic

95 Error4North the Shield-Bearer (level 4, 0/40 HPs)
             Began as a Hill Orc Fighter on Feb 2, 2020.
             Slain by an adder (1 damage)
             ... on level 2 of the Dungeon.
             The game lasted 00:06:47 (1455 turns).

Error4North the Shield-Bearer (Hill Orc Fighter)    Turns: 1455, Time: 00:06:47

Health: 0/40       AC: 11    Str: 19    XL:     4   Next: 66%
Magic:  4/4        EV:  7    Int: 13    God:
Gold:   79         SH:  9    Dex: 10    Spells: 3/3 levels left

rFire    . . .     SeeInvis .   a - +0 war axe
rCold    . . .     Gourm    .   c - +0 shield
rNeg     . . .     Faith    .   b - +0 scale mail
rPois    .         Spirit   .   n - +1 helmet
rElec    .         Reflect  .   r - +1 cloak {MR+}
rCorr    .         Harm     .   (no gloves)
MR       +....                  (no boots)
Stlth    ..........             k - amulet of inaccuracy (curse)
HPRegen  0.13/turn              (no ring)
MPRegen  0.09/turn              (no ring)

@: brilliant, lethally poisoned (0 -> -1)
A: no striking features
a: no special abilities


You were on level 2 of the Dungeon.
You were not hungry.

You visited 1 branch of the dungeon, and saw 3 of its levels.

You collected 79 gold pieces.

Inventory:

Hand Weapons
 a - a +0 war axe (weapon)
Missiles
 m - 7 boomerangs (quivered)
Armour
 b - a +0 scale mail (worn)
 c - a +0 shield (worn)
 h - a +2 cloak
 n - a +1 helmet (worn)
 r - a +1 cloak of magic resistance (worn)
Jewellery
 k - a cursed amulet of inaccuracy (around neck)
Wands
 o - a wand of digging (7)
Scrolls
 e - 3 scrolls of identify {unknown}
 i - 2 scrolls of teleportation
 j - a scroll of immolation {unknown}
 l - a scroll of magic mapping {unknown}
 p - a scroll of random uselessness {unknown}
Potions
 d - a potion of might
Comestibles
 f - 5 rations


   Skills:
 + Level 3.9 Fighting
 + Level 3.8 Axes
 * Level 4.1 Armour
 + Level 0.3 Dodging
 + Level 0.1 Stealth
 * Level 4.2 Shields


You had 3 spell levels left.
You didn't know any spells.
Your spell library was empty.

Dungeon Overview and Level Annotations

Branches:
Dungeon (3/15)

Altars:


Message History

You miss the adder.
The adder is lightly wounded.
The adder barely misses you. You block the adder's attack.
You hit the adder.
The adder is moderately wounded.
You feel sick. The adder bites you but does no damage.
You barely miss the adder.
The adder is moderately wounded.
The adder bites you.
* * * LOW HITPOINT WARNING * * *
The adder bites you.
* * * LOW HITPOINT WARNING * * *
Your shield prevents you from hitting the adder.
The adder is moderately wounded.
The adder bites you but does no damage. x2
You miss the adder.
The adder is moderately wounded.
* * * LOW HITPOINT WARNING * * *
You feel sick. The adder bites you.
You die...

#..# #.# #<# #.. ##.####
##.# #.# #.. #....# #..###.#
### ####.## #.###..# #
#..#### #.##..## # ##....#
#.##.## # ####.### #.##.# #
##### #...## ##.##.# # #...#
###S@###..##.# ##...#
##..##.###.# .....#
##.##.###.# ...(.##
#.#..##..# ......#######
#...###.## .....)†##...#
##....#.)# .....#.##...#
#..##.#.## ### ######(.#...#
##.###...# #####..
##.....###..####..####.....#


You could see an adder.

Vanquished Creatures
  Crazy Yiuf (D:2)
  2 adders (D:2)
  2 leopard geckos (D:1)
  A ball python (D:1)
  3 bats
  2 giant cockroaches (D:1)
  8 goblins
  5 hobgoblins
  6 jackals
  6 kobolds
  6 rats
  A fungus (D:2)
43 creatures vanquished.

Notes
Turn   | Place    | Note
-------+----------+-------------------------------------------
     0 | D:1      | Error4North the Hill Orc Fighter began the quest for the
                  | Orb.
     0 | D:1      | Reached XP level 1. HP: 19/19 MP: 1/1
   193 | D:1      | Reached XP level 2. HP: 24/27 MP: 2/2
   419 | D:1      | Reached XP level 3. HP: 33/33 MP: 3/3
   989 | D:2      | Reached XP level 4. HP: 32/40 MP: 4/4
  1265 | D:2      | Found a runed translucent door.
  1266 | D:2      | Noticed Crazy Yiuf
  1280 | D:2      | Killed Crazy Yiuf
  1453 | D:2      | HP: 2/40 [adder (1)]
  1455 | D:2      | Slain by an adder

Levels and vault maps discovered:
D:1:      minmay_arrival_five_plusses, layout_loops_ring
D:2:      layout_rooms, uniq_crazy_yiuf_cottage
D:3:      minmay_angry_zag, layout_rooms

Skill      XL: |  1  2  3  4 |
---------------+-------------+-----
Axes           | 3 |  3.8
Armour         | 4 |  4.1
Shields        | 4 |  4.2
Fighting       | |  3.9
Dodging        | |  0.3
Stealth        | |  0.1

Action                   |  1- 3 |  4- 6 || total
-------------------------+-------+-------++-------
Melee: War axe           |   136 |    70 ||   206
  Use: Potion            |       |     2 ||     2
       Scroll            |       |     1 ||     1
  Eat: Chunk             |       |     2 ||     2
Armor: Scale mail        |    90 |    47 ||   137
Dodge: Dodged            |    53 |    29 ||    82
Block: Shield            |    93 |    54 ||   147

Table legend:
 A = Non-vault XP
 B = Vault XP
 C = Vault XP percentage of total XP
 D = Non-vault monster count
 E = Vault monster count
 F = Vault count percentage of total count
                 A         B        C        D         E       F
            +---------+---------+-------+---------+---------+-------
      Total |      95 |      42 |  30.7 |      41 |       1 |   2.4
            +---------+---------+-------+---------+---------+-------
        D:1 |      42 |       0 |   0.0 |      23 |       0 |   0.0
        D:2 |      53 |      42 |  44.2 |      18 |       1 |   5.3
            +---------+---------+-------+---------+---------+-------
